 Dungeon Crawl Stone Soup version 0.31.0-9-g3a7656b989 (webtiles) character file.

Game seed: 11535411613560700542

975 Killerpretzel the Thaumaturge (level 7, -3/36 HPs)
             Began as a Deep Elf Conjurer on Jan 25, 2024.
             Was a Follower of Vehumet.
             Slain by an orc warrior
             ... wielding a +0 trident
              (15 damage)
             ... on level 8 of the Dungeon.
             The game lasted 00:32:20 (6374 turns).

Killerpretzel the Thaumaturge (Deep Elf Conjurer)   Turns: 6374, Time: 00:32:21

Health: -3/36      AC:  3    Str:  2    XL:     7   Next: 95%
Magic:  10/21      EV: 12    Int: 25    God:    Vehumet [*.....]
Gold:   211        SH:  0    Dex: 13    Spells: 19/23 levels left

rFire   . . .        e - +1 whip
rCold   . . .        (no shield)
rNeg    . . .        a - +0 robe
rPois   .            (no helmet)
rElec   .            t - +0 cloak
rCorr   .            (no gloves)
SInv    .            (no boots)
Will    .....        (no amulet)
Stlth   ++           (no ring)
HPRegen 0.26/turn    (no ring)
MPRegen 0.17/turn

%: random rage (3%)
@: no status effects
A: berserk 1, deterioration 1, weak 1
a: Renounce Religion


You were on level 8 of the Dungeon.
You worshipped Vehumet.
Vehumet was aware of your devotion.
You visited 2 branches of the dungeon, and saw 9 of its levels.

You collected 211 gold pieces.

Inventory:

Hand Weapons
 e - a +1 whip (weapon)
Armour
 a - a +0 robe (worn)
 t - a +0 cloak (worn)
Jewellery
 g - an amulet of reflection
Wands
 j - a wand of light (9)
Scrolls
 d - 2 scrolls of enchant weapon
 i - 5 scrolls of teleportation
 l - 2 scrolls of vulnerability
 m - a scroll of poison
 p - 2 scrolls of identify
 u - a scroll of amnesia
Potions
 b - 2 potions of magic
 c - 5 potions of might
 f - a potion of cancellation
 h - 4 potions of curing
 k - a potion of resistance
 o - a potion of ambrosia {unknown}
 r - a potion of enlightenment {unknown}
 s - a potion of brilliance {unknown}


   Skills:
 - Level 2.7 Dodging
 - Level 2.8 Stealth
 * Level 8.9 Spellcasting
 * Level 8.3 Conjurations


You had 19 spell levels left.
You knew the following spells:

 Your Spells              Type           Power      Damage    Failure   Level
a - Magic Dart            Conj           100%       1d8       1%          1
b - Searing Ray           Conj           100%       2d8       1%          2
c - Foxfire               Conj/Fire      100%       2x1d9     1%          1

Your spell library contained the following spells:

 Spells                   Type           Power      Damage    Failure   Level
 Static Discharge         Conj/Air       62%        3-6/arc   1%          2
 Slow                     Hex            44%        N/A       5%          1
 Mephitic Cloud           Conj/Alch/Air  24%        N/A       5%          3
 Mercury Vapours          Alch/Air       22%        N/A       9%          2
 Fulminant Prism          Conj/Alch      15%        3d10      10%         4
 Iskenderun's Mystic Bla  Conj/Tloc      31%        2d8       10%         4
 Confusing Touch          Hex            11%        N/A       17%         3
 Sigil of Binding         Hex            11%        N/A       17%         3
 Vampiric Draining        Necr           11%        2d6       17%         3
 Freezing Cloud           Conj/Ice/Air   12%        6-21      45%         5
 Airstrike                Air            5%         2d(1-17)  50%         4
 Summon Blazeheart Golem  Fire/Summ      11%        N/A       50%         4
 Summon Lightning Spire   Summ/Air       11%        N/A       50%         4
 Orb of Destruction       Conj           25%        9d9       83%         7
 Spellforged Servitor     Conj/Summ      15%        N/A       100%        7


Dungeon Overview and Level Annotations

Branches:
Dungeon (8/15)             Temple (1/1) D:5
   Lair: D:8-11

Altars:
Ashenzari
Cheibriados
Dithmenos
Elyvilon
Fedhas
Gozag
Hepliaklqana
Kikubaaqudgha
Makhleb
Nemelex Xobeh
Okawaru
Qazlal
Ru
Sif Muna
Trog
Uskayaw
Vehumet
Wu Jian
Xom
Yredelemnul
Zin
The Shining One

Shops:
D:1 (*[

Annotations:
D:1 exclusion: downstairs
D:2 1 exclusion, Sigmund
D:3 Grinder
D:4 exclusion: downstairs
D:7 exclusions: sky beast and two-headed ogre


Innate Abilities, Weirdness & Mutations

You sometimes lose your temper in combat.
Your body sometimes deteriorates upon taking damage.
You are weak. (Str -2)


Message History

Casting: Magic Dart (safe; 1% risk of failure)
Confirm with . or Enter, or press ? or * to list all spells.
Aiming: Searing Ray (safe; 1% risk of failure)
Press: ? - help, Shift-Dir - straight line, f - orc warrior
Aim: an orc warrior, wielding a +0 trident and wearing a +0 plate armour (83% to hit)
The searing ray misses the orc warrior. (Press . to maintain the ray.)
The searing ray hits the orc warrior.
The orc warrior is lightly wounded.
The searing ray hits the orc warrior.
The orc warrior is moderately wounded.
The searing ray hits the orc!
You kill the orc!
Vehumet accepts your kill.
You feel your power returning. The orc warrior completely misses you.
The searing ray hits the orc warrior!
The orc warrior is heavily wounded.
You finish channelling your searing ray.
The orc warrior hits you from afar with a +0 trident.
Casting: Searing Ray (safe; 1% risk of failure)
Confirm with . or Enter, or press ? or * to list all spells.
Aiming: Searing Ray (safe; 1% risk of failure)
Press: ? - help, Shift-Dir - straight line, f/p - orc warrior
Aim: an orc warrior, wielding a +0 trident and wearing a +0 plate armour (heavily wounded, 83% to hit)
The searing ray misses the orc warrior. (Press . to maintain the ray.)
The orc warrior hits you from afar with a +0 trident!
The searing ray hits the orc warrior.
The orc warrior is severely wounded.
An orc comes into view. It is wielding a +0 hand axe.
The orc warrior hits you from afar with a +0 trident.
The searing ray hits the orc warrior.
The orc warrior is severely wounded.
The orc warrior hits you from afar with a +0 trident.
The searing ray hits the orc warrior but does no damage.
The orc warrior is severely wounded.
The searing ray misses the orc.
You finish channelling your searing ray.
The orc warrior hits you from afar with a +0 trident!
You die...

######
########.....
#............
######.######.####
#......# #.# #
#.###### #.# # #.#
#.# # #.# #.# #
#@# #.# #.# #.....
#o# ..... #o#
..##. #)# # #..
##. )


You could see an orc warrior and an orc.

Vanquished Creatures
  A water moccasin (D:6)
  2 bullfrogs
  3 scorpions
  A howler monkey (D:4)
  5 hounds
  An orc priest (D:6)
  2 iguanas
  A sleepcap (D:6)
  Natasha (twice) (D:2)
  12 adders
  A shadow imp (D:6)
  A white imp (D:6)
  A dart slug (D:3)
  A ribbon worm (D:2)
  15 orcs
  6 ball pythons
  4 bats
  10 endoplasms
  2 giant cockroaches
  6 goblins
  6 hobgoblins
  6 jackals (D:1)
  4 quokkas
  A frilled lizard (D:1)
  5 kobolds
  6 rats
105 creatures vanquished.

Vanquished Creatures (others)
  33 foxfires
33 creatures vanquished.

Grand Total: 138 creatures vanquished

Notes
Turn   | Place    | Note
-------+----------+-------------------------------------------
     0 | D:1      | Killerpretzel the Deep Elf Conjurer began the quest for the
                  | Orb.
     0 | D:1      | Reached XP level 1. HP: 10/10 MP: 6/6
   116 | D:1      | Found Araci's Assorted Antiques.
   332 | D:1      | Reached XP level 2. HP: 15/15 MP: 5/8
   341 | D:1      | Learned a level 2 spell: Searing Ray
   440 | D:1      | Found Kaguges's Armour Boutique.
   770 | D:1      | Found Ylonoesm's Weapon Emporium.
  1195 | D:2      | Reached XP level 3. HP: 19/19 MP: 5/10
  1389 | D:2      | Noticed Natasha
  1392 | D:2      | Killed Natasha
  1393 | D:2      | Reached skill level 5 in Conjurations
  1498 | D:2      | Reached XP level 4. HP: 24/24 MP: 10/12
  1597 | D:2      | Noticed Natasha
  1600 | D:2      | Killed Natasha
  1734 | D:2      | Found a radiant altar of Vehumet.
  1741 | D:2      | Became a worshipper of Vehumet
  1775 | D:2      | Reached skill level 5 in Spellcasting
  2001 | D:2      | Noticed Sigmund
  2480 | D:3      | Reached XP level 5. HP: 28/28 MP: 8/14
  2810 | D:3      | Found a glowing drain.
  2985 | D:3      | Noticed Grinder
  3658 | D:4      | Reached * piety under Vehumet
  3658 | D:4      | Offered knowledge of Foxfire by Vehumet.
  3774 | D:4      | Reached XP level 6. HP: 32/32 MP: 9/17
  4493 | D:5      | Entered Level 5 of the Dungeon
  4532 | D:5      | Learned a level 1 spell: Foxfire
  4653 | D:5      | Reached XP level 7. HP: 36/36 MP: 16/19
  4684 | D:5      | Found a staircase to the Ecumenical Temple.
  4777 | D:5      | Found an ornate altar of the Wu Jian Council.
  4785 | D:5      | Found a glowing silver altar of Zin.
  4785 | D:5      | Found a blossoming altar of Fedhas.
  5220 | Temple   | Entered the Ecumenical Temple
  5941 | D:6      | Found a shadowy altar of Dithmenos.
  6113 | D:6      | Gained mutation: You occasionally lose the ability to read
                  | scrolls when taking damage. [potion of mutation]
  6113 | D:6      | Gained mutation: Your spells are a little harder to cast,
                  | but a little more powerful. [potion of mutation]
  6114 | D:6      | Lost mutation: You occasionally lose the ability to read
                  | scrolls when taking damage. [potion of mutation]
  6114 | D:6      | Lost mutation: Your spells are a little harder to cast, but
                  | a little more powerful. [potion of mutation]
  6114 | D:6      | Gained mutation: You have sharp fingernails. [potion of
                  | mutation]
  6114 | D:6      | Gained mutation: Your body sometimes deteriorates upon
                  | taking damage. [potion of mutation]
  6114 | D:6      | Gained mutation: You are partially covered in iridescent
                  | scales. (AC +2) [potion of mutation]
  6115 | D:6      | Lost mutation: You have sharp fingernails. [potion of
                  | mutation]
  6115 | D:6      | Lost mutation: You are partially covered in iridescent
                  | scales. (AC +2) [potion of mutation]
  6115 | D:6      | Gained mutation: You are weak. (Str -2) [potion of
                  | mutation]
  6115 | D:6      | Gained mutation: You sometimes lose your temper in combat.
                  | [potion of mutation]
  6188 | D:7      | Noticed a two-headed ogre
  6374 | D:8      | Slain by an orc warrior

Illustrated notes

Levels and vault maps discovered:
D:1:      kilobyte_arrival_exit_the_forest, layout_basic, serial_shops, shop,
          shop, shop
D:2:      layout_loops_ring, basic_altar, uniq_sigmund, uniq_natasha
D:3:      layout_basic, portal_sewer_entry_e, kennysheep_another_room,
          hangedman_decor_riveting, uniq_grinder
D:4:      layout_basic, minmay_misc_feat_doors, guppyfry_early_lair_pool
D:5:      layout_cave_pools, chequers_temple_overflow_statue_of_worship,
          minmay_temple_entry_slanted
D:6:      layout_loops_ring, nicolae_dithmenos_the_darkroom
D:7:      layout_basic, minmay_nine_imps
D:8:      layout_loops_ring, uniq_maurice
Temple:   compressed_dpeg_circular_temple

Skill      XL: |  1  2  3  4  5  6  7 |
---------------+----------------------+-----
Spellcasting   | 4 5 6 7 8 |  8.9
Conjurations   | 5 6 7 8 |  8.3
Dodging        | |  2.7
Stealth        | |  2.8

Action                     |  1- 3 |  4- 6 |  7- 9 || total
---------------------------+-------+-------+-------++-------
   Cast: Magic Dart        |    56 |    93 |    26 ||   175
         Searing Ray       |     1 |    11 |    14 ||    26
         Foxfire           |       |     2 |    18 ||    20
    Use: Scroll            |     4 |     2 |     2 ||     8
         Potion            |     4 |     1 |     3 ||     8
 Armour: Robe              |     3 |     8 |    17 ||    28
  Dodge: Dodged            |     1 |    14 |    14 ||    29
